Map: Dead of Night

Players

Miezetatze

  • Race: Protoss Protoss
  • Spawn Location: 0:00

NamroodTuo

  • Race: Zerg Zerg

VOD

Have the link to the VOD?

Description

Time

  • Played on: March 17, 2023, 11:51 a.m.
  • Length: 21:35
Show
View Real Time Build Order
Export as new Build Order

Miezetatze Protoss 

Build Orders:  

Get SALT Encoding   

  12  0:05  Probe (Chrono Boost)  
  13  0:19  Probe (Chrono Boost)  
  14  0:33  Probe (Chrono Boost)  
  15  0:42  Xel'Naga Passageway  
  15  0:46  Probe (Chrono Boost)  
  16  1:00  Probe (Chrono Boost)  
  17  1:14  Probe (Chrono Boost)  
  18  1:28  Probe (Chrono Boost)  
  19  1:42  Probe (Chrono Boost)  
  19  1:49  Core Forge  
  20  1:56  Probe (Chrono Boost), Xel'Naga Ambusher  
  23  2:10  Probe (Chrono Boost)  
  24  2:24  Probe (Chrono Boost)  
  25  2:37  Probe (Chrono Boost)  
  25  2:38  Xel'Naga Ambusher  
  28  2:49  Constructs Facility  
  28  2:51  Probe (Chrono Boost)  
  28  2:57  Void Shrine  
  29  3:05  Probe (Chrono Boost)  
  30  3:19  Probe (Chrono Boost)  
  30  3:20  Xel'Naga Shieldguard  
  33  3:33  Probe (Chrono Boost)  
  34  3:47  Probe (Chrono Boost), Tesseract Cannon  
  35  3:57  Xel'Naga Shieldguard  
  35  3:59  Constructs Bay  
  37  4:01  Probe (Chrono Boost)  
  38  4:15  Probe (Chrono Boost)  
  39  4:46  Xel'Naga Watcher  
  40  5:16  Xel'Naga Watcher  
  41  6:00  Tesseract Cannon  
  41  6:02  Tesseract Cannon  
  41  6:05  Tesseract Cannon  
  41  6:07  Tesseract Cannon  
  41  6:55  Tesseract Cannon  
  41  6:58  Tesseract Cannon  
  41  7:03  Tesseract Cannon x2  
  41  7:05  Tesseract Cannon  
  41  7:13  Tesseract Cannon  
  41  7:53  Tesseract Cannon  
  41  7:55  Tesseract Cannon  
  41  7:58  Tesseract Cannon  
  41  8:10  Tesseract Cannon  
  41  9:13  Tesseract Cannon  
  41  9:14  Tesseract Cannon  
  41  9:17  Tesseract Cannon  
  41  9:35  Void Templar  
  41  9:36  Xel'Naga Watcher  
  44  9:53  Tesseract Cannon  
  44  11:12  Tesseract Cannon  
  44  11:15  Tesseract Cannon  
  44  11:17  Tesseract Cannon  
  44  12:26  Tesseract Cannon  
  44  12:28  Tesseract Cannon  
  44  12:30  Tesseract Cannon  
  44  12:33  Tesseract Cannon  
  44  12:55  Tesseract Cannon  
  44  12:58  Tesseract Cannon  
  44  12:59  Tesseract Cannon  
  44  13:04  Tesseract Cannon  
  44  15:27  Tesseract Cannon  
  44  15:29  Tesseract Cannon  
  44  15:30  Tesseract Cannon  
  44  15:33  Tesseract Cannon  
  44  15:38  Tesseract Cannon  
  44  15:40  Tesseract Cannon  
  44  15:50  Tesseract Cannon  
  44  15:52  Tesseract Cannon  
  44  18:25  Tesseract Cannon  
  44  18:26  Tesseract Cannon  
  44  18:29  Tesseract Cannon  
  44  18:32  Tesseract Cannon  
  44  18:35  Tesseract Cannon  
  44  18:37  Tesseract Cannon  
  44  18:39  Tesseract Cannon  
Show
View Real Time Build Order
Export as new Build Order

NamroodTuo Zerg 

Build Orders:  

Get SALT Encoding   

  12  0:02  Infested SCV  
  13  0:18  Overlord  
  13  0:25  Infested SCV  
  14  0:31  Infested SCV  
  15  0:57  Infested Barracks  
  15  1:01  Infested SCV  
  15  1:02  Infested SCV  
  15  1:08  Infested SCV  
  18  1:22  Infested SCV  
  18  1:28  Infested Refinery  
  19  1:44  Infested SCV  
  20  1:54  Overlord  
  20  1:58  Infestation Level 1  
  20  2:10  Infested Refinery  
  20  2:11  Infested SCV  
  21  2:26  Infested SCV  
  22  2:41  Infested SCV  
  23  2:54  Infested Engineering Bay  
  23  3:00  Infested Barracks  
  23  3:08  Infested SCV  
  24  3:13  Overlord  
  24  3:51  Infested SCV  
  24  3:52  Infested SCV  
  24  3:58  Anaerobic Enhancement  
  26  4:00  Infested Bunker  
  30  4:17  Infested SCV  
  30  4:18  Infested SCV  
  32  4:28  Unknown  
  32  4:58  Infestation Level 2  
  32  5:06  Infested Missile Turret  
  32  5:12  Infested SCV x3, Infested Refinery  
  35  5:21  Stukov Infantry Weapons Level 1  
  35  5:56  Infested Bunker  
  35  5:58  Overlord  
  39  6:15  Overlord  
  39  6:23  Overlord  
  39  6:27  Infested SCV  
  39  6:29  Infested SCV  
  40  6:52  Infested SCV  
  40  6:59  Infested Marine  
  42  7:00  Infested Marine x10  
  42  7:01  Infested Marine x9  
  61  7:31  Infested Marine x2  
  63  8:01  Stukov Infantry Armor Level 1  
  63  8:02  Overlord x5  
  59  8:26  Overlord  
  59  8:48  Infested Bunker  
  47  8:52  Infested Missile Turret  
  47  8:59  Infested SCV x2  
  49  9:14  Infested Marine  
  49  9:15  Infested Marine x15  
  63  9:20  Infested Missile Turret  
  63  9:27  Infested Barracks Tech Lab  
  63  9:40  Infested SCV x3  
  63  9:49  Infested Missile Turret  
  70  9:50  Infested Bunker  
  70  10:15  Infested SCV x2  
  72  10:43  Infested Marine x2  
  72  10:44  Infested Marine x12  
  72  10:45  Infested Marine  
  71  11:17  Retinal Augmentation  
  67  12:05  Infested Bunker  
  67  12:13  Infested SCV  
  67  12:14  Infested SCV x4  
  72  12:28  Infested Bunker  
  65  12:56  Infested Bunker  
  65  13:19  Infested Barracks  
  65  13:25  Infested Barracks  
  65  14:05  Infested Factory  
  65  14:06  Overlord x5  
  65  14:30  Infested SCV  
  66  14:44  Infested Bunker  
  74  15:12  Infested Bunker x2  
  74  15:16  Stukov Infantry Weapons Level 2, Infested Armory  
  78  15:38  Infested Marine x7  
  78  15:39  Infested Marine x24  
  109  15:40  Infested Marine x9  
  126  16:25  Infested Bunker  
  126  16:27  Infested Bunker  
  126  16:29  Infested Marine x2  
  132  16:30  Infested Marine x19  
  132  16:35  Infested Bunker  
  132  16:39  Overlord x2  
  151  16:40  Overlord x3  
  141  17:13  Infested Marine  
  141  17:14  Infested Marine x19  
  141  17:15  Infested Marine x3  
  134  17:31  Infested Marine  
  134  17:32  Infested Marine x17  
  134  17:33  Infested Marine x6  
  151  18:04  Infested Bunker  
  141  18:23  Infested Marine  
  141  18:24  Infested Marine x15  
  141  18:25  Infested Marine  
  158  18:42  Infested Marine  
  158  18:43  Infested Marine x16  
  158  18:44  Infested Marine x12  
  187  18:55  Infested Marine x9  
  187  18:56  Infested Marine  
  174  19:04  Infested Marine  
  174  19:05  Infested Marine x7  
  182  19:19  Infested Marine  
  159  19:20  Infested Marine x11  
  170  19:31  Infested Marine  
  170  19:32  Infested Marine x7  
  174  19:42  Infested Marine  
  174  19:43  Infested Marine x9  
  174  19:44  Infested Marine x2  
  178  19:53  Infested Marine  
  178  19:54  Infested Marine x7  
  178  20:10  Infested Bunker  
  178  20:11  Infested Bunker  
  178  20:16  Infested Marine x7  
  178  20:17  Infested Marine x9  
  178  20:19  Overlord x2  
  154  21:07  Overseer x5  
  154  21:09  Overseer x2  
Tags
 
Commander
StukovZeratul
Matchup
Co-op
Replay Pack
Multiplayer
Add a new tag
Caveats
  • Supply blocks, unpowered buildings, or Contaminate may cause inaccurate times.
  • Supply counts are checked every 10 seconds.